 Dungeon Crawl Stone Soup version 0.23.2-33-g5129a83184 (webtiles) character file.

Game seed: 18331238195838361432

114 DorianNounverber the Magician (level 4, -9/24 HPs)
             Began as a Deep Elf Wizard on July 7, 2019.
             Mangled by an iguana (13 damage)
             ... on level 4 of the Dungeon.
             The game lasted 00:09:19 (3016 turns).

DorianNounverber the Magician (Deep Elf Wizard)     Turns: 3016, Time: 00:09:20

Health: -9/24      AC:  2    Str:  4    XL:     4   Next: 67%
Magic:  2/14       EV: 13    Int: 24    God:
Gold:   105        SH:  0    Dex: 13    Spells: 15/16 levels left

rFire    . . .     SeeInvis .   k - +1 mace (crush)
rCold    . . .     Gourm    .   (no shield)
rNeg     . . .     Faith    .   a - +0 robe
rPois    .         Spirit   .   b - +0 hat
rElec    .         Reflect  .   (no cloak)
rCorr    .         Harm     .   (no gloves)
MR       .....                  (no boots)
Stlth    ++........             (no amulet)
HPRegen  0.08/turn              (no ring)
MPRegen  0.14/turn              (no ring)

@: no status effects
A: no striking features
a: no special abilities


You were on level 4 of the Dungeon.
You were not hungry.

You visited 1 branch of the dungeon, and saw 4 of its levels.

You collected 105 gold pieces.

Inventory:

Hand Weapons
 k - a +1 mace of crushing (weapon)
Armour
 a - a +0 robe (worn)
 b - a +0 hat (worn)
Wands
 p - a wand of paralysis (6)
Scrolls
 e - 3 scrolls of identify {unknown}
 f - 2 scrolls of teleportation {unknown}
 i - a scroll of enchant weapon {unknown}
 l - 4 scrolls of remove curse {unknown}
 n - a scroll of amnesia {unknown}
Potions
 c - 3 potions of berserk rage {unknown}
 g - a potion of magic {unknown}
 h - a potion of haste {unknown}
 j - 2 potions of mutation {unknown}
 m - a potion of resistance {unknown}
 o - 2 potions of curing {unknown}
Comestibles
 d - 7 rations


   Skills:
 + Level 2.7 Dodging
 + Level 2.6 Stealth
 * Level 6.6 Spellcasting
 * Level 2.7 Conjurations
   Level 1.1 Summonings
   Level 1.1 Translocations


You had 15 spell levels left.
You knew the following spells:

 Your Spells              Type           Power        Failure   Level  Hunger
a - Magic Dart            Conj           ###.         2%          1    None

Your spell library contained the following spells:

 Spells                   Type           Power        Failure   Level  Hunger
 Blink                    Tloc           N/A          7%          2    None
 Call Imp                 Summ           ##......     7%          2    None
 Slow                     Hex            #.......     12%         2    None
 Conjure Flame            Conj/Fire      ##......     13%         3    None
 Mephitic Cloud           Conj/Pois/Air  ##......     16%         3    None


Dungeon Overview and Level Annotations

Branches:
Dungeon (4/15)
 Temple: D:4-7

Altars:
Gozag
Makhleb
Qazlal
Uskayaw
Yredelemnul


Message History

The iguana is moderately wounded.
You open the door.
Your magical contamination has completely faded away.
Casting: Magic Dart (safe; 2% risk of failure)
Confirm with . or Enter, or press ? or * to list all spells.
Aiming: Magic Dart (safe; 2% risk of failure)
Press: ? - help, Shift-Dir - straight line, f/p - iguana
Aim: an iguana (moderately wounded)
The magic dart hits the iguana.
The iguana is heavily wounded.
Casting: Magic Dart (safe; 2% risk of failure)
Confirm with . or Enter, or press ? or * to list all spells.
Aiming: Magic Dart (safe; 2% risk of failure)
Press: ? - help, Shift-Dir - straight line, f/p - iguana
Aim: an iguana (moderately wounded)
The magic dart hits the iguana but does no damage.
The iguana is moderately wounded.
The iguana bites you!
Ouch! That really hurt!
You die...

##########
#.........
#.........
#.........
#.........
#.....)...
#.).......
#.@l......
###'######
.# .. ...
...+ ...#
..##


You could see an iguana.

Vanquished Creatures
  5 adders (D:2)
  2 worms (D:2)
  3 dart slugs
  A leopard gecko (D:1)
  6 orcs (D:3)
  2 giant cockroaches
  4 goblins
  8 hobgoblins
  4 jackals (D:2)
  A quokka (D:2)
  2 bats
  A frilled lizard (D:1)
  5 kobolds
  7 rats
51 creatures vanquished.

Notes
Turn   | Place    | Note
-------+----------+-------------------------------------------
     0 | D:1      | DorianNounverber the Deep Elf Wizard began the quest for
                  | the Orb.
     0 | D:1      | Reached XP level 1. HP: 10/10 MP: 7/7
   252 | D:1      | You fall through a shaft!
   294 | D:2      | Reached skill level 5 in Spellcasting
   366 | D:2      | Reached XP level 2. HP: 15/15 MP: 5/10
   775 | D:1      | Reached XP level 3. HP: 19/19 MP: 9/12
  1272 | D:2      | Reached skill level 6 in Spellcasting
  2070 | D:2      | Reached XP level 4. HP: 24/24 MP: 10/14
  2569 | D:2      | Found a burning altar of Makhleb.
  2569 | D:2      | Found a stormy altar of Qazlal.
  2571 | D:2      | Found a hide-covered altar of Uskayaw.
  2573 | D:2      | Found an opulent altar of Gozag.
  2574 | D:2      | Found a basalt altar of Yredelemnul.
  3016 | D:4      | Mangled by an iguana

Skill      XL: |  1  2  3 |
---------------+----------+-----
Spellcasting   | 5 6 |  6.6
Conjurations   | 2 |  2.7
Dodging        | |  2.7
Stealth        | |  2.6
Summonings     | |  1.1
Translocations | |  1.1

Action                   |  1- 3 |  4- 6 || total
-------------------------+-------+-------++-------
Melee: Unarmed           |     3 |       ||     3
       Mace              |       |     1 ||     1
 Cast: Magic Dart        |   104 |    57 ||   161
  Eat: Ration            |     1 |     1 ||     2
       Chunk             |     1 |       ||     1
Armor: Robe              |     1 |     5 ||     6
Dodge: Dodged            |     8 |    14 ||    22
